 Dungeon Crawl Stone Soup version 0.22.1-1-ga44c0e56f4 (webtiles) character file.

6037 BeasterDot the Digger (level 10, -8/94 (96) HPs)
             Began as a Troll Monk on Oct 5, 2018.
             Was an Elder of Makhleb.
             Mangled by Gastronok (29 damage)
             ... on level 8 of the Dungeon.
             The game lasted 01:04:49 (10459 turns).

BeasterDot the Digger (Troll Monk)                 Turns: 10459, Time: 01:04:49

HP:   -8/94 (96)    AC: 10    Str: 23    XL:     10   Next: 56%
MP:   0/14          EV: 12    Int:  7    God:    Makhleb [****..]
Gold: 567           SH:  0    Dex: 16    Spells: 12/16 levels left

rFire    . . .     SeeInvis .   a - +9 great sword (freeze)
rCold    . . .     Gourm    +   (shield currently unavailable)
rNeg     . . .     Faith    .   z - +0 robe {MR+}
rPois    .         Spirit   +   s - +1 hat
rElec    .         Reflect  .   (no cloak)
rCorr    .         Harm     .   (gloves unavailable)
MR       +....                  (boots unavailable)
Stlth    ++........             o - amulet of guardian spirit
HPRegen  0.65/turn              i - +4 ring of protection
MPRegen  0.14/turn              y - +4 ring of dexterity

@: drained
A: large, unfitting armour, claws 3, fast metabolism 3, gourmand, regeneration
1, shaggy fur 1, tough skin 2
a: Minor Destruction, Lesser Servant of Makhleb, Major Destruction, Renounce
Religion


You were on level 8 of the Dungeon.
You worshipped Makhleb.
Makhleb was greatly pleased with you.
You were not hungry.

You visited 2 branches of the dungeon, and saw 9 of its levels.
You also visited: Sewer.

You collected 567 gold pieces.

Inventory:

Hand Weapons
 a - a +9 great sword of freezing (weapon)
 g - a +0 dagger of electrocution
 p - a +2 dagger of venom
 v - the +1 long sword of the Big Bang {slice, rPois rF- rC+++ Int-5}
   (You found it on level 8 of the Dungeon)

   It inflicts extra damage upon your enemies.
   It affects your intelligence (-5).
   It makes you vulnerable to fire.
   It renders you almost immune to cold.
   It protects you from poison.
 C - a +1 antimagic dagger
 F - the +2 dagger of Daumonunku {flame, rElec Int+6}
   (You found it on level 5 of the Dungeon)

   It has been specially enchanted to burn those struck by it, causing extra
   injury to most foes and up to half again as much damage against particularly
   susceptible opponents.
   It affects your intelligence (+6).
   It insulates you from electricity.
 L - a +3 spear
 M - a +1 hand axe of chopping
 N - a +4 long sword
Missiles
 n - 104 stones (quivered)
Armour
 s - a +1 hat (worn)
 z - a +0 robe of magic resistance (worn)
Magical Staves
 m - an uncursed staff of summoning
Jewellery
 i - a +4 ring of protection (left claw)
 o - an amulet of guardian spirit (around neck)
 q - an uncursed ring of protection from magic
 x - an uncursed ring of poison resistance
 y - a +4 ring of dexterity (right claw)
Wands
 K - a wand of scattershot (4)
Scrolls
 b - 4 scrolls of identify
 e - 3 scrolls of amnesia
 j - 4 scrolls of remove curse
 k - 2 scrolls of enchant weapon
 l - 2 scrolls of fear
 t - 2 scrolls of teleportation
 D - 3 scrolls of fog
 H - 2 scrolls of enchant armour
 J - 2 scrolls of magic mapping {unknown}
Potions
 d - 2 potions of might
 f - 2 potions of flight {unknown}
 h - 2 potions of curing
 r - 3 potions of haste
 u - a potion of lignification {unknown}
 w - 5 potions of brilliance
 A - 2 potions of invisibility {unknown}
 B - 2 potions of magic
 G - 2 potions of resistance {unknown}
 I - a potion of mutation {unknown}
Comestibles
 c - 20 rations


   Skills:
 * Level 5.2(4.9) Fighting
 - Level 4.9(5.1) Short Blades
 * Level 3.4(4.4) Long Blades
   Level 2.8(2.6) Maces & Flails
 - Level 1.5(1.3) Throwing
 * Level 4.1(3.9) Armour
 * Level 4.6(4.3) Dodging
 - Level 1.3(1.1) Stealth
 * Level 3.7(3.5) Spellcasting
 + Level 0.4(0.2) Necromancy
 * Level 5.5(5.3) Earth Magic
 * Level 4.8(4.6) Invocations


You had 12 spell levels left.
You knew the following spells:

 Your Spells              Type           Power        Failure   Level  Hunger
a - Sandblast             Erth           #.....       3%          1    ##.....
b - Passwall              Tmut/Erth      #.......     17%         2    ###....
c - Animate Skeleton      Necr           N/A          30%         1    ##.....

Your spell library contained the following spells:

 Spells                   Type           Power        Failure   Level  Hunger
 Apportation              Tloc           #.....       32%         1    ##.....
 Confusing Touch          Hex            #.....       32%         1    ##.....
 Summon Small Mammal      Summ           #...         32%         1    ##.....
 Stone Arrow              Conj/Erth      #.....       32%         3    ####...
 Lee's Rapid Deconstruct  Erth           #.........   71%         5    ######.
 Petrify                  Tmut/Erth      #.......     73%         4    #####..


Dungeon Overview and Level Annotations

Branches:
Dungeon (8/15)             Temple (1/1) D:4
   Lair: D:8-11

Altars:
Ashenzari
Cheibriados
Dithmenos
Elyvilon
Fedhas
Gozag
Hepliaklqana
Kikubaaqudgha
Makhleb
Nemelex Xobeh
Okawaru
Qazlal
Ru
Sif Muna
Trog
Uskayaw
Vehumet
Wu Jian
Xom
Yredelemnul
Zin
The Shining One

Shops:
D:5 (   D:7 *

Annotations:
D:8 Gastronok


Innate Abilities, Weirdness & Mutations

You are too large for most types of armour.
You have claws for hands.
Your metabolism is lightning-fast.
You like to eat raw meat.
Your natural rate of healing is unusually fast.
You are covered in fur. (AC +1)
You have very tough skin. (AC +2)


Message History

Your quasit claws Gastronok but does no damage. x2
Something bites your neqoxec. Something pecks your neqoxec!
Your neqoxec dies!
Your quasit disappears in a puff of smoke!
The ogre moves out of view.
Gastronok gurgles horribly!
Found a dire flail and 13 gold pieces.
Gastronok waves his eye-stalks in wide circles.
The air twists around and strikes you!
* * * LOW HITPOINT WARNING * * *
As you read the scroll of fear, it crumbles to dust.
You assume a fearsome visage.
The river rat looks frightened!
The two-headed ogre looks frightened!
There are monsters nearby!
A two-headed ogre is nearby!
You start resting.
Gastronok is too close now for your liking.
Gastronok is nearby!
Gastronok bites you!!
You die...

##########..รท..##.###
#................## #
#.#####.##.....##.###
#.# #.###........#.
#.# #.# ##...##..<.
#.# #.# ##..##.... #.#
#.# #..######
#.#####.#####..#
#...@..<.......######
#####w######.........
#O# #.#.###### #.#
#.#.# #.# #.#.# ###.#
#.#.# ##.#r# ###.#.#
##.#..# ##.....#
#.#.w.###....#.#


You could see Gastronok, a two-headed ogre and a rat (wandering).

Vanquished Creatures
  A two-headed ogre (D:8)
  Prince Ribbit (D:6)
  A hippogriff (D:7)
  Sigmund (D:6)
  A water moccasin (D:7)
  Duvessa (D:6)
  A sky beast (D:7)
  An ice beast (D:6)
  An orc warrior (D:6)
  A black bear (D:8)
  5 ogres
  5 necrophages (D:7)
  A centaur (D:5)
  A big kobold (Sewer)
  4 bullfrogs
  A wyvern zombie (D:6)
  Dowan (D:6)
  2 scorpions
  2 jellies (D:7)
  14 wights (D:7)
  An electric eel (D:7)
  3 bullfrog zombies (D:7)
  3 crimson imps
  A howler monkey (D:4)
  A centaur zombie (D:7)
  2 bullfrog skeletons (D:5)
  4 hounds
  3 orc priests
  6 orc wizards
  4 iguanas
  4 worker ants
  A hound zombie (D:6)
  A mummy (D:7)
  4 worker ant zombies
  4 gnolls (D:7)
  A howler monkey skeleton (D:4)
  A howler monkey zombie (D:7)
  12 adders
  3 river rats
  A shadow imp (D:5)
  2 oozes
  2 adder skeletons
  An adder zombie (D:7)
  A worm (D:3)
  2 dart slugs
  9 leopard geckos
  47 orcs
  2 bats
  8 giant cockroaches
  7 goblins
  5 hobgoblins
  24 jackals
  22 kobolds
  A quokka (D:3)
  7 ball pythons
  2 frilled lizards
  A leopard gecko skeleton (D:5)
  A quokka skeleton (D:5)
  A quokka zombie (D:8)
  28 rats
  5 bushes (D:4)
  2 withered plants (D:7)
286 creatures vanquished.

Vanquished Creatures (collateral kills)
  A two-headed ogre (D:8)
  A hungry ghost (D:8)
  2 water moccasins (D:7)
  A wight (D:7)
  An orc priest (D:7)
  3 adders
  A shadow imp (D:8)
  3 orcs
  2 jackals (D:8)
  A ball python (D:7)
16 creatures vanquished.

Vanquished Creatures (others)
  A plant (D:4)
  3 withered plants (D:7)
4 creatures vanquished.

Grand Total: 306 creatures vanquished

Notes
Turn   | Place    | Note
-------+----------+-------------------------------------------
     0 | D:1      | BeasterDot the Troll Monk began the quest for the Orb.
     0 | D:1      | Reached XP level 1. HP: 22/22 MP: 0/0
    74 | D:1      | Reached XP level 2. HP: 27/29 MP: 1/1
   868 | D:2      | Reached XP level 3. HP: 36/37 MP: 2/2
  1298 | D:2      | Reached XP level 4. HP: 45/45 MP: 3/3
  1495 | D:2      | Reached skill level 1 in Short Blades
  2083 | D:3      | Reached XP level 5. HP: 51/53 MP: 4/4
  2259 | D:3      | Reached skill level 1 in Armour
  2282 | D:3      | Found a glowing drain.
  2286 | Sewer    | Entered a sewer
  2771 | Sewer    | Reached skill level 1 in Throwing
  2876 | Sewer    | Reached XP level 6. HP: 59/61 MP: 5/5
  3655 | D:4      | Learned a level 1 spell: Sandblast
  4187 | D:4      | Reached XP level 7. HP: 51/68 MP: 1/6
  4306 | D:4      | Reached skill level 1 in Earth Magic
  4393 | D:4      | Found a burning altar of Makhleb.
  4400 | D:4      | Became a worshipper of Makhleb the Destroyer
  4400 | D:4      | Reached * piety under Makhleb
  4400 | D:4      | Reached ** piety under Makhleb
  4627 | D:4      | Found a staircase to the Ecumenical Temple.
  4634 | Temple   | Entered the Ecumenical Temple
  5048 | D:5      | Entered Level 5 of the Dungeon
  5283 | D:5      | Reached skill level 1 in Spellcasting
  5392 | D:5      | Got a crude dagger
  5393 | D:5      | Identified the +2 dagger of Daumonunku {flame, rElec Int+6}
                  | (You found it on level 5 of the Dungeon)
  5630 | D:5      | Found Mira's Antique Weapon Shoppe.
  5787 | D:5      | Reached XP level 8. HP: 66/78 MP: 0/9
  6459 | D:6      | Learned a level 2 spell: Passwall
  6641 | D:6      | Reached skill level 1 in Invocations
  6686 | D:6      | Noticed Prince Ribbit
  6730 | D:6      | Killed Prince Ribbit
  6930 | D:6      | Found a stormy altar of Qazlal.
  7007 | D:6      | Noticed Duvessa
  7015 | D:6      | Killed Duvessa
  7015 | D:6      | Reached XP level 9. HP: 85/85 MP: 7/11
  7034 | D:6      | Noticed Dowan
  7062 | D:6      | Killed Dowan
  7128 | D:6      | Noticed Sigmund
  7148 | D:6      | Killed Sigmund
  8694 | D:7      | Reached *** piety under Makhleb
  8701 | D:7      | Noticed an orange demon
  8714 | D:7      | Reached skill level 5 in Earth Magic
  9112 | D:7      | Learned a level 1 spell: Animate Skeleton
  9299 | D:7      | Reached XP level 10. HP: 86/94 MP: 10/13
  9538 | D:7      | Reached skill level 1 in Long Blades
  9858 | D:7      | Found Qytsi's Serpentskin Sales.
  9861 | D:7      | Reached skill level 5 in Fighting
 10019 | D:8      | Noticed a two-headed ogre
 10026 | D:8      | Killed a two-headed ogre
 10055 | D:8      | Reached **** piety under Makhleb
 10214 | D:8      | Noticed a two-headed ogre
 10219 | D:8      | Killed a two-headed ogre
 10280 | D:8      | Got a jewelled long sword
 10281 | D:8      | Identified the cursed +1 long sword of the Big Bang {slice,
                  | rPois rF- rC+++ Int-5} (You found it on level 8 of the
                  | Dungeon)
 10413 | D:8      | Noticed Gastronok
 10425 | D:8      | Noticed a two-headed ogre
 10459 | D:8      | Mangled by Gastronok

Skill      XL: |  1  2  3  4  5  6  7  8  9 10 |
---------------+-------------------------------+-----
Fighting       | 3 4 5 |  5.2
Short Blades   | 1 2 3 4 |  4.9
Dodging        | 3 4 |  4.6
Armour         | 1 2 3 4 |  4.1
Throwing       | 1 |  1.5
Earth Magic    | 2 4 5 |  5.5
Spellcasting   | 1 2 3 |  3.7
Invocations    | 1 4 |  4.8
Long Blades    | 3 |  3.4
Maces & Flails | |  2.8
Stealth        | |  1.3
Necromancy     | |  0.4

Action                   |  1- 3 |  4- 6 |  7- 9 | 10-12 || total
-------------------------+-------+-------+-------+-------++-------
Melee: Dagger            |    92 |   451 |   418 |       ||   961
       Mace              |     3 |       |       |       ||     3
       Long sword        |       |       |    39 |    33 ||    72
       Great sword       |       |       |       |    63 ||    63
Throw: Stone             |    36 |   104 |    11 |       ||   151
 Cast: Sandblast         |       |    13 |   156 |       ||   169
       Passwall          |       |       |     4 |       ||     4
       Animate Skeleton  |       |       |       |     8 ||     8
Invok: Minor Destruction |       |       |   117 |       ||   117
       Lesser Servant of |       |       |     1 |     4 ||     5
  Use: Scroll            |       |    10 |    10 |     4 ||    24
       Potion            |       |       |     6 |     1 ||     7
 Stab: Sleeping          |     1 |     2 |       |       ||     3
       Distracted        |       |       |     1 |       ||     1
  Eat: Chunk             |    16 |    29 |    52 |    17 ||   114
Armor: Robe              |    41 |   107 |   322 |    66 ||   536
Dodge: Dodged            |    59 |   147 |   449 |    85 ||   740
       Rpst.: Long sword |       |       |     4 |    11 ||    15
       Great sword       |       |       |       |    13 ||    13
